 Dungeon Crawl Stone Soup version 0.31.0-11-ge490571c62 (webtiles) character file.

Game seed: 17735672267198488591

1679 wildpjah the Basher (level 9, -4/92 HPs)
             Began as an Oni Gladiator on Feb 9, 2024.
             Slain by an orc warrior
             ... wielding a +0 long sword
              (12 damage)
             ... on level 7 of the Dungeon.
             The game lasted 00:08:58 (5619 turns).

wildpjah the Basher (Oni Gladiator)                 Turns: 5619, Time: 00:08:58

Health: -4/92      AC:  3    Str: 24    XL:     9   Next: 2%
Magic:  9/9        EV: 11    Int:  9    God:
Gold:   306        SH:  0    Dex: 10    Spells: 8/8 levels left

rFire   x . .        m - +0 dire flail
rCold   . . .        (shield currently unavailable)
rNeg    + . .        u - +0 robe "Jymin" {rF- rN+ Will+ Regen+}
rPois   .            c - +0 hat
rElec   .            (no cloak)
rCorr   .            (gloves unavailable)
SInv    .            (boots unavailable)
Will    +....        C - amulet of the acrobat
Stlth   ++           I - ring of wizardry
HPRegen 1.15/turn    (no ring)
MPRegen 0.11/turn

%: acrobat, wizardry (x1)
@: no status effects
A: large, unfitting armour, horns 1, tough skin 1, double potion healing,
drunken brawling
a: no special abilities


You were on level 7 of the Dungeon.
You visited 1 branch of the dungeon, and saw 7 of its levels.

You collected 306 gold pieces.

Inventory:

Hand Weapons
 a - a +0 flail
 m - a +0 dire flail (weapon)
 p - a +2 flail of protection
Missiles
 d - 2 throwing nets (quivered)
 e - a large rock
 l - 7 poisoned darts
 t - 5 curare-tipped darts
 v - 3 javelins
 M - 14 darts of dispersal
Armour
 b - a +0 robe
 c - a +0 hat (worn)
 u - the +0 robe "Jymin" (worn) {rF- rN+ Will+ Regen+}
   (You found it on level 3 of the Dungeon)

   rF-:       It makes you vulnerable to fire.
   rN+:       It protects you from negative energy.
   Will+:     It increases your willpower.
   Regen+:    It increases your rate of health regeneration.
Magical Staves
 L - a staff of earth
Jewellery
 B - an amulet of magic regeneration
 C - an amulet of the acrobat (around neck)
 I - a ring of wizardry (left hand)
 K - a ring of protection from cold
Wands
 y - a wand of mindburst (18)
 F - a wand of iceblast (12)
 J - a wand of light (7)
Scrolls
 f - 2 scrolls of revelation {unknown}
 g - 4 scrolls of immolation {unknown}
 i - a scroll of fog {unknown}
 j - a scroll of poison {unknown}
 k - 2 scrolls of summoning {unknown}
 n - a scroll of amnesia {unknown}
 o - 7 scrolls of identify {unknown}
 q - a scroll of enchant weapon {unknown}
 s - a scroll of fear {unknown}
 G - a scroll of teleportation {unknown}
 H - a scroll of brand weapon {unknown}
 N - a scroll of torment {unknown}
Potions
 h - 2 potions of enlightenment {unknown}
 r - a potion of lignification {unknown}
 w - a potion of might {unknown}
 x - 2 potions of curing {unknown}
 z - 2 potions of attraction {unknown}
 A - a potion of cancellation {unknown}
 D - a potion of invisibility {unknown}
 E - a potion of heal wounds {unknown}


   Skills:
 + Level 6.7 Fighting
 + Level 8.8 Maces & Flails
 + Level 2.3 Throwing
 + Level 5.2 Dodging
 + Level 2.0 Stealth


You had 8 spell levels left.
You didn't know any spells.
Your spell library contained the following spells:

 Spells                   Type           Power      Damage    Failure   Level
 Apportation              Tloc           0%         N/A       16%         1
 Necrotise                Necr           0%         1d4       16%         1
 Sting                    Conj/Alch      0%         1d3       16%         1
 Summon Small Mammal      Summ           0%         N/A       16%         1
 Jinxbite                 Hex            0%         N/A       24%         2
 Mercury Vapours          Alch/Air       0%         N/A       24%         2
 Dazzling Flash           Conj/Hex       0%         N/A       43%         3
 Hailstorm                Conj/Ice       0%         3d5       43%         3
 Summon Ice Beast         Ice/Summ       0%         N/A       43%         3
 Volatile Blastmotes      Fire/Tloc      0%         2d10      43%         3
 Olgreb's Toxic Radiance  Alch           0%         N/A       82%         4
 Alistair's Intoxication  Alch           0%         N/A       98%         5
 Sculpt Simulacrum        Ice/Alch       0%         N/A       100%        6
 Starburst                Conj/Fire      0%         6d3       100%        6
 Maxwell's Capacitive Co  Air            0%         ∞         100%        8


Dungeon Overview and Level Annotations

Branches:
Dungeon (7/15)             Temple (0/1) D:4

Altars:
Yredelemnul

Shops:
D:3 (

Annotations:
D:5 3 runed translucent doors, napier2's ghost, novice MiBe


Innate Abilities, Weirdness & Mutations

You are too large for most types of armour.
You have a pair of small horns on your head.
You have tough skin. (AC +1)
You gain doubled healing and magic from potions.
Whenever you drink a healing potion, you attack all around you.


Message History

The orc priest is lightly wounded.
The orc priest hits you with a +0 mace.
An orc comes into view. It is wielding a +0 flail.
The orc warrior closely misses you.
You hit the orc priest.
The orc priest is moderately wounded.
The orc priest barely misses you.
The orc warrior hits you with a +0 long sword.
You closely miss the orc priest. You headbutt the orc priest!
The orc priest is severely wounded.
You barely miss the orc priest.
The orc priest is severely wounded.
The orc priest hits you with a +0 mace. The orc warrior closely misses you.
You impale the orc priest!!
You kill the orc priest!
The orc warrior hits you with a +0 long sword!
* * * LOW HITPOINT WARNING * * *
You hit the orc warrior but do no damage.
Your headbutt misses the orc warrior.
The orc warrior hits you with a +0 long sword!
* * * LOW HITPOINT WARNING * * *
You closely miss the orc warrior.
The orc warrior hits you with a +0 long sword!
* * * LOW HITPOINT WARNING * * *
You hit the orc warrior but do no damage.
You headbutt the orc warrior, but do no damage.
You puncture the orc warrior!
The orc warrior is moderately wounded.
The orc warrior barely misses you. The orc barely misses you.
You barely miss the orc warrior.
The orc warrior is moderately wounded.
You hit the orc warrior. Your headbutt misses the orc warrior.
The orc warrior is moderately wounded.
The orc warrior hits you but does no damage.
The orc hits you with a +0 flail.
* * * LOW HITPOINT WARNING * * *
You barely miss the orc warrior.
The orc warrior is moderately wounded.
The orc warrior hits you with a +0 long sword!
You die...

.. #.. #.# #... #.#
#... ######.# #..<
...##.######
####...#####.##.......
..............#.......
...........†.....#
..............#@##
#.#....####.##ooo# #
#.........##.#.#
#.#....#######.....
#.#....# ### #..
#......# .... ###...##
... #...# ..
#####...#######


You could see an orc warrior and 2 orcs.

Vanquished Creatures
  Sigmund (D:2)
  A shadow (D:6)
  An orc warrior (D:6)
  An ice beast (D:6)
  A black bear (D:4)
  A centaur (D:7)
  A kobold brigand (D:6)
  A scorpion (D:5)
  4 killer bees (D:7)
  A bombardier beetle (D:4)
  A jelly (D:6)
  4 hounds
  4 orc priests
  A gnoll bouda (D:7)
  A sleepcap (D:7)
  2 iguanas (D:5)
  3 orc wizards
  7 gnolls
  5 adders
  A shadow imp (D:5)
  A ribbon worm (D:2)
  5 dart slugs
  18 orcs
  9 endoplasms
  3 giant cockroaches
  7 goblins
  6 hobgoblins
  9 jackals
  11 kobolds
  4 quokkas
  4 ball pythons
  5 bats
  3 frilled lizards
  2 rats
129 creatures vanquished.

Notes
Turn   | Place    | Note
-------+----------+-------------------------------------------
     0 | D:1      | wildpjah the Oni Gladiator began the quest for the Orb.
     0 | D:1      | Reached XP level 1. HP: 22/22 MP: 1/1
   177 | D:1      | Reached XP level 2. HP: 29/29 MP: 2/2
   562 | D:1      | Reached XP level 3. HP: 34/36 MP: 3/3
  1011 | D:2      | Reached XP level 4. HP: 39/45 MP: 4/4
  1267 | D:2      | Noticed Sigmund
  1274 | D:2      | Killed Sigmund
  1275 | D:2      | Reached skill level 4 in Maces & Flails
  1275 | D:2      | Reached XP level 5. HP: 54/54 MP: 5/5
  1275 | D:2      | Reached XP level 6. HP: 62/62 MP: 6/6
  1609 | D:3      | Reached skill level 5 in Maces & Flails
  1715 | D:3      | Found Apnileott's Weapon Shoppe.
  1846 | D:3      | Reached skill level 1 in Stealth
  2256 | D:3      | Identified the +0 robe "Jymin" {rF- rN+ Will+ Regen+}
  2386 | D:4      | Noticed a black bear
  2397 | D:4      | Killed a black bear
  2398 | D:4      | Reached skill level 6 in Maces & Flails
  2398 | D:4      | Reached XP level 7. HP: 36/70 MP: 7/7
  2474 | D:4      | Found a staircase to the Ecumenical Temple.
  3514 | D:5      | Entered Level 5 of the Dungeon
  3832 | D:5      | Identified the +2 leather armour of Action {rC- Str+7
                  | Dex+6}
  3833 | D:5      | Found a runed translucent gate.
  3833 | D:5      | Noticed napier2's ghost (novice MiBe)
  3834 | D:5      | Found a runed translucent gate.
  3835 | D:5      | Found a runed translucent gate.
  4519 | D:6      | Noticed a shadow
  4533 | D:6      | Killed a shadow
  4534 | D:6      | Reached skill level 5 in Fighting
  4534 | D:6      | Reached skill level 7 in Maces & Flails
  4534 | D:6      | Reached XP level 8. HP: 75/80 MP: 8/8
  4674 | D:6      | Found a basalt altar of Yredelemnul.
  5126 | D:6      | Reached skill level 8 in Maces & Flails
  5302 | D:7      | Reached skill level 5 in Dodging
  5606 | D:7      | Reached XP level 9. HP: 65/92 MP: 9/9
  5619 | D:7      | Slain by an orc warrior

Illustrated notes

Levels and vault maps discovered:
D:1:      dpeg_arrival_ternary, layout_basic, minmay_box_of_dots
D:2:      layout_basic, uniq_sigmund
D:3:      minmay_octagon_keep, layout_rooms, serial_shops, shop
D:4:      layout_basic, minmay_temple_entry_mist, due_unseen_surprise
D:5:      layout_basic, biasface_ghost_orc_armoury
D:6:      layout_cave_pools, mainiacjoe_overflow_six_doors_small,
          minmay_unpleasant_kobolds
D:7:      layout_loops_cross

Skill      XL: |  1  2  3  4  5  6  7  8 |
---------------+-------------------------+-----
Dodging        | 3 4 5 |  5.2
Fighting       | 3 4 5 6 |  6.7
Maces & Flails | 4 6 7 8 |  8.8
Stealth        | 1 2 |  2.0
Throwing       | |  2.3

Action                     |  1- 3 |  4- 6 |  7- 9 || total
---------------------------+-------+-------+-------++-------
  Melee: Flail             |    54 |     9 |       ||    63
         Headbutt          |     7 |    22 |    38 ||    67
         Dire flail        |       |    96 |   243 ||   339
  Throw: Throwing net      |       |     2 |       ||     2
   Stab: Sleeping          |     1 |     2 |       ||     3
 Armour: Robe              |    28 |    96 |   173 ||   297
  Dodge: Dodged            |    25 |    62 |   145 ||   232
